[Event "4NCL 2022-2023"]
[Site "Daventry"]
[Date "2023.03.18"]
[Round "7.9"]
[White "Rowson, Jonathan"]
[Black "Gallana, Marco"]
[Result "1/2-1/2"]
[ECO "A53"]
[WhiteElo "2547"]
[BlackElo "2257"]
[Annotator "TA"]
[PlyCount "45"]
[EventDate "2022.10.20"]
[EventType "team-tourn"]
[EventCountry "ENG"]
[SourceTitle "playchess.com"]
[Source "ChessBase"]
[SourceQuality "1"]
[TimeControl "40/6000+30:2400+30"]

1. d4 Nf6 2. c4 d6 3. Nc3 e5 4. dxe5 dxe5 5. Qxd8+ Kxd8 6. Nf3 Nc6 7. Bg5 {[%emt 0:02:41] A53: Old Indian Defence without Nf3.} Be6 8. Nd5 h6 9. Bxf6+ {[%emt 0:12:17] The position is equal.} gxf6 10. O-O-O Kc8 $1 11. e3 f5 12. g3 e4 {[%emt 0:03:18] [#]} 13. Nh4 $146 ({Predecessor:} 13. Nd4 Nxd4 14. exd4 Bxd5 15. cxd5 Rg8 16. f3 exf3 17. Rd3 f4 18. Rxf3 Bd6 19. gxf4 {½-½ Aczel,G (2552)-Sedlak,N (2503) BIH-chT 19th 2021 (7.1)}) 13... Ne5 14. Bh3 Nd3+ {[%emt 0:07:00] [#]} 15. Rxd3 $1 exd3 16. Bxf5 Rb8 17. Bxe6+ fxe6 18. Nf4 b5 $1 19. cxb5 (19. Nhg6 $5 bxc4 20. Nxh8 $11) 19... Rxb5 20. Nxd3 Bg7 21. Rd1 Rd8 22. Nf3 (22. Ng2 $11 {keeps the balance.}) 22... c5 {[%emt 0:15:28][%mdl 1024] ...c4 is the strong threat. Black has strong compensation.} 23. b3 {[%emt 0:12:01] Weighted Error Value: White=0.09 (flawless) /Black=0.03 (flawless)} 1/2-1/2

[Event "4NCL 2022-2023"]
[Site "Daventry"]
[Date "2023.03.18"]
[Round "7.10"]
[White "Healey, Michael W"]
[Black "Emms, John M"]
[Result "1/2-1/2"]
[ECO "B25"]
[WhiteElo "2124"]
[BlackElo "2467"]
[Annotator "TA"]
[PlyCount "106"]
[EventDate "2022.10.20"]
[EventType "team-tourn"]
[EventCountry "ENG"]
[SourceTitle "playchess.com"]
[Source "ChessBase"]
[SourceQuality "1"]
[TimeControl "40/6000+30:2400+30"]

1. e4 c5 2. Nc3 Nc6 3. Nge2 d6 4. g3 g6 5. Bg2 Bg7 6. O-O Nf6 7. d3 O-O 8. f4 Rb8 9. h3 Nd7 10. Nd5 {[%emt 0:04:59] B25: Closed Sicilian: 3 g3, lines without early Be3.} b5 11. a3 {[%emt 0:04:45] [#]} e6 $146 ({Predecessor:} 11... a5 12. g4 b4 13. c3 bxc3 14. bxc3 Ba6 15. g5 Re8 16. Ne3 Qc7 17. Ng4 Rf8 {1-0 Helin,M (1974)-Wengholm,A (2161) Vaxjo op 2018 (4)}) 12. Ne3 {[%emt 0:00:21] Black has an edge.} Ne7 13. Rb1 Bb7 14. b4 cxb4 15. Rxb4 a6 16. Bb2 Bxb2 17. Rxb2 d5 18. exd5 Qb6 19. d4 Bxd5 20. Nxd5 Nxd5 21. Qd2 {[%emt 0:00:51] Against Ne3} Qd6 $1 22. Rb3 N7b6 23. g4 Nc4 24. Qc1 Rbc8 25. Rd3 Rfe8 26. Ng3 f5 $1 {[%emt 0:02:03] Prevents Ne4} 27. Rf2 {[%emt 0:10:03] [#]} (27. Bxd5 $17 {is a better defense.} Qxd5 28. Rff3) 27... Rc7 ({Black should play} 27... Ncb6 $1 $19 28. Ne2 Rc4) 28. h4 (28. Bxd5 $17 exd5 29. gxf5) 28... Nf6 29. g5 Nd5 30. h5 Rec8 31. Qe1 {[%emt 0:06:55] Wards off Nce3} (31. Bxd5 $17 {might work better.} exd5 32. Rh2) 31... Ncb6 {[%emt 0:01:03][%cal Bc4b6,Bb6d5,Bd5e3][%mdl 32] Excellent horsemanship.} (31... Nxa3 32. Bxd5 exd5 33. hxg6 hxg6 34. Rxa3 Qxa3 35. Qe6+ Kf8 36. Qf6+ Rf7 37. Qh8+ (37. Qxg6 $2 Qxg3+ 38. Kf1 Qh3+ 39. Kg1 Re8 $19) 37... Ke7 38. Qxc8 $11) (31... Nxf4 32. Rxf4 Nb2 33. Rdf3 $18) 32. Ne2 (32. hxg6 $17 hxg6 33. Ne2) 32... Rxc2 33. hxg6 hxg6 34. Rh3 Qe7 $2 (34... Kf8 $19 {[%cal Oc2e2] ...Rxe2! is the strong threat.} 35. Bf1 Ne7) 35. Rh6 {[%emt 0:11:28] Prevents Rxe2.} Qg7 {[%emt 0:00:16] Prevents Nc3} (35... Ne3 {looks sharper.} 36. Rxg6+ Kf8 37. a4 Nbd5) 36. Bxd5 Nxd5 37. Nc3 $1 {[%emt 0:00:12][%mdl 64] Discovered Attack} Rc1 38. Qxc1 Rxc3 39. Qe1 Kf7 $36 {[%emt 0:00:53][%mdl 2048] Black is pushing.} (39... Rxa3 $2 40. Qxe6+ Kf8 41. Qxd5 $18) 40. Qe5 {[%emt 0:02:06] Strongly threatening Qd6.} Ne3 {[%emt 0:00:39] Threatens to win with ...Rc1+.} (40... Rxa3 $2 41. Qb8 Ra1+ 42. Kg2 $18) 41. Qd6 Rc1+ 42. Kh2 Ng4+ 43. Kg2 {[%emt 0:00:00][%cal Of2e2] White threatens Re2! and mate. Chess con chili.} Nxh6 44. Re2 Kg8 45. gxh6 $11 {[%emt 0:14:01][%mdl 4096] Endgame KQR-KQR} (45. Rxe6 $1 $11 Nf7 46. Qb8+ Kh7 47. Re7) 45... Qb7+ $17 (45... Qxh6 46. Qxe6+ Kh7 47. Qe7+ Kg8 48. Qe8+ Qf8 49. Qxg6+ Kh8 50. Re8 $18 (50. Qxa6 {gets mated.} Qg8+) (50. Qxa6 Qg8+)) 46. Kf2 {[%emt 0:00:27] [#]} Qd5 (46... Rc6 $1 $17 47. Qe5 Kh7) 47. Qxe6+ $11 {[%emt 0:03:40] The position is equal.} (47. Qxa6 {leads to mate.} Qxd4+ 48. Kg3 Qg1+ 49. Rg2 Qe3+ 50. Kh4 Qxf4+ 51. Kh3 Rh1+) 47... Qxe6 48. Rxe6 {[%emt 0:00:03] KR-KR} Kh7 49. Rxa6 Kxh6 50. Ke2 Kh5 51. Kd2 Rf1 52. Ke3 Re1+ 53. Kf3 Rd1 {[%emt 0:08:50] Whites escaped into a draw. A brilliant game!   Weighted Error Value: White=0.18 (very precise) /Black=0.19 (very precise)} 1/2-1/2

[Event "4NCL 2022-2023"]
[Site "Daventry"]
[Date "2023.03.18"]
[Round "7.11"]
[White "Colovic, Aleksandar"]
[Black "Serbanescu, Diana-Maria"]
[Result "1-0"]
[ECO "B07"]
[WhiteElo "2440"]
[BlackElo "1978"]
[Annotator "TA"]
[PlyCount "67"]
[EventDate "2022.10.20"]
[EventType "team-tourn"]
[EventCountry "ENG"]
[SourceTitle "playchess.com"]
[Source "ChessBase"]
[SourceQuality "1"]
[TimeControl "40/6000+30:2400+30"]

1. e4 d6 2. d4 Nf6 3. Bd3 e5 4. Nf3 Nbd7 5. O-O Be7 6. c3 O-O 7. Re1 Re8 {[%emt 0:02:42] B07: Pirc Defence: Miscellaneous Systems.} 8. Nbd2 Bf8 9. Nf1 g6 {[%emt 0:02:32] White is slightly better.} 10. Ng3 Bg7 11. h3 {[%emt 0:01:27] [#]} a6 $146 ({Predecessor:} 11... b6 12. a4 a6 13. Bg5 Bb7 14. Qd2 c5 15. d5 Qc7 16. c4 Bc8 17. Bh6 Nf8 {½-½ Odeev,H (2415)-Sadikhov,U (2484) Cesme op 6th 2018 (6)}) 12. Bg5 h6 13. Be3 Qe7 14. Qd2 Kh7 15. Bc2 b6 16. Rad1 Bb7 17. d5 Rf8 18. c4 a5 19. b3 Ba6 20. Qc3 Ng8 21. a3 {[%emt 0:06:59][%cal Ba2a3,Ba3b4][%mdl 32] White has more active pieces.} Kh8 22. Bb1 Nc5 23. b4 axb4 24. axb4 Nd7 25. Bd3 f5 {[%emt 0:05:40] This move loses the game for Black.} 26. exf5 $18 e4 (26... g5 {is a better defense.} 27. b5 Bb7) 27. f6 (27. Bd4 $142 gxf5 28. Nh4 Bxd4 29. Qxd4+ Qf6 30. Ng6+ Kh7 31. Nxf8+ Nxf8 32. Be2) 27... Rxf6 $2 {[%emt 0:11:23] [#]} (27... Bxf6 {keeps fighting.} 28. Bd4 Ne5) 28. Bd4 ({Worse is} 28. Bxe4 Rxf3 29. Qc2 Rff8 30. Bxg6 Ne5 $17) 28... Rxf3 29. gxf3 Ne5 30. Bxe4 (30. fxe4 $2 {too greedy.} Nf3+ 31. Kg2 Bxd4 $19) 30... Qh4 31. Bxg6 {[%emt 0:07:29][%mdl 64] [#] Pin} Qxh3 (31... Rf8 $18) 32. Rxe5 {[%emt 0:02:05] White mates.} dxe5 33. Bxe5 Qd7 34. Nh5 {[%emt 0:00:53] Weighted Error Value: White=0.17 (very precise) /Black=0.55} 1-0

[Event "4NCL 2022-2023"]
[Site "Daventry"]
[Date "2023.03.18"]
[Round "7.12"]
[White "Skulte, Christopher"]
[Black "Camacho Collados, Marcos"]
[Result "0-1"]
[ECO "B41"]
[WhiteElo "2086"]
[BlackElo "2460"]
[Annotator "TA"]
[PlyCount "70"]
[EventDate "2022.10.20"]
[EventType "team-tourn"]
[EventCountry "ENG"]
[SourceTitle "playchess.com"]
[Source "ChessBase"]
[SourceQuality "1"]
[TimeControl "40/6000+30:2400+30"]

1. e4 c5 2. Nf3 e6 3. d4 cxd4 4. Nxd4 a6 5. Be2 Nf6 6. Qd3 Qc7 {[%emt 0:14:40] B41: Sicilian: Kan Variation: 5 c4.} 7. O-O Nc6 8. Nxc6 bxc6 {[%emt 0:00:39] White has an edge.} 9. c4 Bb7 10. f4 d5 11. Nc3 {[%emt 0:03:26] [#]} Rd8 $146 ({Predecessor:} 11... Bc5+ 12. Kh1 dxe4 13. Nxe4 Rd8 14. Nxf6+ gxf6 15. Qh3 Bd4 16. Qh6 c5 17. f5 Qe5 {0-1 Kritsotalakis,S-Papadakis,M (2240) Heraklion op 7th 2011 (5)}) 12. e5 Nd7 13. Qg3 g6 14. Kh1 Bg7 (14... Nb6 $11) 15. cxd5 cxd5 16. b3 (16. Be3 $5 ) 16... Bf8 (16... Rc8 $5 17. Na4 O-O $11) 17. Bb2 Qb8 18. Rac1 Nc5 (18... Be7 $11) 19. b4 $16 Ne4 (19... Nd7 $142) 20. Nxe4 dxe4 21. Qb3 (21. b5 $16) 21... Be7 $1 $11 22. Qa4+ Kf8 23. Rfd1 Kg7 (23... e3 $15) 24. Rd7 (24. Bxa6 Bxa6 25. Qxa6 Qxb4 $19) (24. Bd4 $11) 24... Rxd7 (24... Rhe8 $5 ) 25. Qxd7 Re8 26. Rc7 {[%emt 0:00:30] [#]} (26. a3 $1 $11 {keeps the balance.}) 26... Bd5 (26... Bc8 $1 $17 27. Qc6 (27. Qxe8 Qxc7 28. Qa4 Qb6 $17) 27... Qxb4) 27. a3 (27. Bxa6 $2 Qxb4 28. Qb5 Rb8 29. Qxb4 Rxb4 $19) (27. h3 $1 $11) 27... Qa8 $2 {[%emt 0:01:02] Black is weak on the dark squares} (27... Qb6 $1 $17 {[%cal Rb6f2] keeps the pressure on.} 28. Rc1 (28. Qxe8 Qxc7 29. Qa4 a5 $17) 28... Kf8) 28. Ra7 ({White should play} 28. Bd4 $16 {Bc5 would be deadly.} e3 29. Bxe3) 28... Qb8 {[%emt 0:00:01] [#]} (28... Qc8 $11 29. Qc7 (29. Bxa6 $2 Qc2 $19) (29. Qxc8 $2 Rxc8 30. Bd1 Bd8 $19) 29... a5) 29. Bd4 $1 $16 (29. Rxa6 $2 Bxb4 30. axb4 Qxb4 $17) (29. Bxa6 Qb6 30. Qxe8 Qxa7 $15) 29... Kh6 $2 (29... Qc8 $16 30. Qc7 (30. Bxa6 $2 {is the wrong capture.} Qc2 $19) (30. Qxc8 Rxc8 31. Kg1 Kf8 $11) 30... Qxc7 31. Rxc7 g5) 30. Bc5 $4 ({Less strong is} 30. Rxa6 Qc8 31. Ra7 Kg7 $18) (30. Bxa6 $18 Qd8 31. Qxd8 Bxd8 32. Rxf7) 30... Bxc5 $19 31. Qxf7 Qxa7 (31... Bxa7 $2 32. g4 $18) 32. Qxe8 Be7 33. g4 {[%emt 0:00:09] Qf7 is the strong threat.} Kg7 {[%emt 0:00:43] Dodges Qf7+} 34. f5 exf5 {[%emt 0:00:12] ( -> ...Qc7)} 35. gxf5 gxf5 {[%emt 0:00:11] Weighted Error Value: White=0.88/Black=0.55} (35... Kh6 $142 36. Qa4 Qf2 37. Qd1 Bg5 38. Bc4 Ba8 39. Be2 e3+ 40. Bf3 Bf4 41. Qg1 Bxf3+ 42. Qg2 Bxg2#) 0-1

[Event "4NCL 2022-2023"]
[Site "Daventry"]
[Date "2023.03.18"]
[Round "7.13"]
[White "Wells, Peter K"]
[Black "Franco, Gaston"]
[Result "1/2-1/2"]
[ECO "E05"]
[WhiteElo "2361"]
[BlackElo "2028"]
[Annotator "TA"]
[PlyCount "80"]
[EventDate "2022.10.20"]
[EventType "team-tourn"]
[EventCountry "ENG"]
[SourceTitle "playchess.com"]
[Source "ChessBase"]
[SourceQuality "1"]
[TimeControl "40/6000+30:2400+30"]

1. d4 d5 2. c4 e6 3. Nf3 Nf6 4. g3 Be7 5. Bg2 O-O 6. O-O dxc4 7. Qc2 b6 {[%emt 0:00:20] E05: Open Catalan: 5 Nf3 Be7.} 8. Bg5 Nd5 9. h4 h6 10. Bxe7 Qxe7 {[%emt 0:00:32] [#]} 11. Qxc4 $146 ({Predecessor:} 11. Nbd2 Bb7 12. Nxc4 c5 13. dxc5 Qxc5 14. Rac1 Nd7 15. a3 Rac8 16. b4 Qe7 17. Qb2 {½-½ Gonda,L (2536)-Martino,E (2156) Amantea op 16th 2018 (1)}) 11... Ba6 12. Qc2 Nd7 13. Re1 c5 14. Nc3 Nxc3 15. Qxc3 Bb7 16. Rac1 Rfc8 17. Red1 Nf6 18. Qa3 Ne4 (18... Rc7 $11 {remains equal.}) 19. Ne5 $16 Qf6 (19... Rc7 $142) 20. Bxe4 Bxe4 {[%emt 0:41:43] [#]} 21. Qe3 Bd5 22. dxc5 bxc5 23. b3 {[%emt 0:01:15] White is more active.} Rc7 24. Rd2 ({And not} 24. Rxc5 Rxc5 25. Nd7 Qf5 26. Nxc5 Qh3 $17) 24... a5 25. Rdc2 (25. Rxc5 $2 {perishes.} Rxc5 26. Qxc5 Qxe5 $19) 25... Rac8 26. f3 (26. Rxc5 $2 {too greedy.} Rxc5 27. Rxc5 Rxc5 28. Qxc5 Qxe5 $19) 26... Qe7 27. Qf4 f6 {[%emt 0:00:00] [#]} 28. Ng6 ({White should play} 28. Nc4 $1 $16) 28... Qe8 $11 29. h5 e5 (29... a4 $11 {keeps the balance.}) 30. Qg4 (30. Qd2 $16 Bf7 31. Qxa5) 30... Bf7 {[%emt 0:00:00] The position is equal.} 31. Kf2 Kh7 32. Rd1 (32. Qe4 $5 Bxg6 33. hxg6+ Qxg6 34. Qa4 $11) 32... Bxg6 (32... c4 {is more complex.} 33. bxc4 a4 34. Rdc1 Rc5) 33. hxg6+ Qxg6 34. Qxg6+ Kxg6 {[%emt 0:00:00][%mdl 4096] Endgame KRR-KRR} 35. Rc4 Kf5 36. Rd6 Rc6 {[%emt 0:00:00] Prevents Ra6} 37. Rd7 R8c7 38. Rd8 Rc8 39. Rd7 R8c7 40. Rd8 Rc8 {[%emt 0:00:00] Weighted Error Value: White=0.12 (very precise) /Black=0.12 (very precise)} 1/2-1/2

[Event "4NCL 2022-2023"]
[Site "Daventry"]
[Date "2023.03.18"]
[Round "7.14"]
[White "Pedersen, Carsten"]
[Black "Adair, James R"]
[Result "0-1"]
[ECO "B23"]
[WhiteElo "2088"]
[BlackElo "2449"]
[Annotator "TA"]
[PlyCount "91"]
[EventDate "2022.10.20"]
[EventType "team-tourn"]
[EventCountry "ENG"]
[SourceTitle "playchess.com"]
[Source "ChessBase"]
[SourceQuality "1"]
[TimeControl "40/6000+30:2400+30"]

1. e4 c5 2. Nc3 d6 3. Bb5+ Bd7 4. Bxd7+ Qxd7 5. d4 cxd4 6. Qxd4 {[%emt 0:00:06] B23: Closed Sicilian: Lines without g3.} Nc6 7. Qd3 g6 8. Nf3 {[%emt 0:00:12] The position is equal.} Bg7 9. O-O Nf6 10. Bg5 h6 {[%emt 0:03:08] [#]} 11. Bc1 $146 ({Predecessor:} 11. Bh4 g5 12. Bg3 Nh5 13. Rad1 O-O 14. Nd5 Nxg3 15. hxg3 Rfd8 16. c3 Rac8 17. Ne3 {½-½ Can,E (2600)-Xu,Y (2502) SCO National Chess Online rapid 2022 (2)}) 11... Rc8 12. Rd1 O-O 13. a3 (13. e5 $5 Ne8 14. exd6 $11) 13... Ng4 14. Nd5 Rfd8 15. h3 Nge5 16. Nxe5 Nxe5 17. Qe2 e6 18. Nf4 Qc6 19. c3 b5 20. Nd3 Nc4 21. Bf4 a5 22. e5 d5 23. b3 Nb6 24. Be3 Nd7 25. Bd4 Qc7 26. Qe3 a4 27. b4 Nb8 (27... Re8 $11) 28. Bb6 $16 {[%emt 0:01:20][%mdl 64] [#] Skewer, Deflection} Qb7 29. Bxd8 Rxd8 30. f4 Rc8 31. Ne1 Nd7 32. Nf3 Nb6 33. Nd2 (33. Re1 $142) 33... Rc6 34. Qd3 Nc4 35. Nxc4 Rxc4 36. Qg3 Qc7 ({Weaker is} 36... Qc6 37. Rd3 $16) 37. Rd3 $1 g5 38. Rf1 ({Of course not} 38. fxg5 Bxe5 39. Qe3 Bf4 $11) 38... Re4 39. fxg5 (39. f5 $5 ) 39... Bxe5 40. Qf3 hxg5 41. Qh5 $1 Bxc3 $2 {[%emt 0:13:36][%mdl 8192] [#] Loses the game.} (41... Qe7 $14) 42. Rxc3 $1 {[%emt 0:00:00][%mdl 512] White mates.} Qxc3 (42... Rc4 43. Qxg5+) 43. Qxf7+ Kh8 44. Qf8+ Kh7 45. Rf7+ Kg6 46. Qg8+ {[%emt 0:00:00][%mdl 32832] Skewer.   Weighted Error Value: White=0.08 (flawless) /Black=0.31. Loss on time!?} 0-1

[Event "4NCL 2022-2023"]
[Site "Daventry"]
[Date "2023.03.18"]
[Round "7.15"]
[White "Camacho Collados, Jose"]
[Black "Kelmendi, Bajrush"]
[Result "1-0"]
[ECO "B06"]
[WhiteElo "2406"]
[BlackElo "1942"]
[Annotator "TA"]
[PlyCount "119"]
[EventDate "2022.10.20"]
[EventType "team-tourn"]
[EventCountry "ENG"]
[SourceTitle "playchess.com"]
[Source "ChessBase"]
[SourceQuality "1"]
[TimeControl "40/6000+30:2400+30"]

1. d4 g6 2. Nf3 Bg7 3. e4 b6 4. c3 Bb7 5. Bd3 e6 6. O-O {[%emt 0:05:08] B06: Modern Defence.} Ne7 7. Re1 {[%emt 0:00:49] [#]} d5 $146 ({Predecessor:} 7... d6 8. Nbd2 Nd7 9. a4 h6 10. a5 g5 11. Nf1 Ng6 12. Ng3 g4 13. a6 Bc8 {0-1 Bok,B (2624)-Andreikin,D (2724) Titled Tuesday intern op 15th Feb Late blitz 2022 (11)}) 8. e5 {[%emt 0:05:26] White is slightly better.} Nd7 9. a4 a6 10. h3 c5 11. b3 Qc7 12. Bg5 h6 13. Bh4 Rc8 14. Na3 {[%emt 0:09:56] White is more active.} Nf5 15. Qe2 Ra8 (15... Nxh4 $11 16. Nxh4 Nb8) 16. Bxf5 $14 gxf5 17. Rac1 Bf8 (17... O-O $14) 18. c4 (18. Nc2 $16) 18... Be7 (18... Rg8 $11 {keeps the balance.}) 19. b4 Rc8 20. bxc5 (20. cxd5 {keeps more tension.} Bxd5 21. Nc4 Qc6 22. b5) 20... bxc5 21. cxd5 Bxd5 22. Qxa6 (22. Bxe7 $11 Kxe7 23. dxc5 (23. Qxa6 Qc6 $11)) 22... Bxf3 $1 $15 23. Bxe7 Rg8 $1 24. Re3 Bxg2 (24... Rxg2+ $6 25. Kf1 Nb8 26. Qb5+ Bc6 27. Qxc5 Qxe7 28. Qxe7+ Kxe7 29. Rxc6 Nxc6 30. Kxg2 $11) 25. Rg3 Rxg3 (25... Kxe7 $17 26. Kxg2 Ra8 {[%mdl 64] Skewer} 27. Qd6+ {[%mdl 64] Decoy} (27. Qb5 $2 Rxg3+ 28. Kxg3 Rb8 $19) 27... Qxd6 28. exd6+ Kxd6 29. Nc4+ Ke7 30. dxc5 Nxc5) 26. fxg3 $11 Bb7 $36 {[%emt 0:11:40][%mdl 2048] Black is more active.} 27. Qd6 Qxd6 {[%emt 0:01:02][%mdl 64] Remove Defender} 28. exd6 (28. Bxd6 $11 cxd4 29. Rxc8+ Bxc8 30. Nb5) 28... cxd4 $17 29. Rxc8+ Bxc8 $11 {[%emt 0:00:07][%mdl 4096] Endgame KBN-KBN} 30. Nb5 Nc5 31. a5 ({White should play} 31. d7+ $15 Nxd7 32. Bb4) 31... d3 $19 32. Kf2 (32. d7+ $142 Nxd7 33. Bb4) 32... Kd7 33. Ke3 (33. Nc3 $142) 33... e5 34. Bf8 $2 (34. Nc3) 34... h5 (34... f4+ $142 35. gxf4 exf4+ 36. Kf3 Bb7+ 37. Kxf4 d2) 35. Nc7 $2 (35. Nc3) 35... e4 $2 (35... h4 $19 36. gxh4 Bb7) 36. Nd5 $15 {[%emt 0:00:27] Black must now prevent Nb6+.} Bb7 (36... Ba6 $15 37. Nf6+ Kc6) 37. Nf6+ $11 Ke6 38. Nxh5 Nb3 {[%emt 0:01:30][%cal Od3d2] ...d2! would be deadly.} 39. Ng7+ (39. d7 $1 $11 Kxd7 40. Bb4) 39... Kd7 $17 {[%emt 0:01:38] ( -> ...d2)} 40. Nxf5 Nxa5 {[%emt 0:00:56] Threatens to win with ...Nc4+.} 41. Kd4 {[%emt 0:05:15] Inhibits Nc4.} Nb3+ ({Better is} 41... d2 $17 42. Ne3 Ba6 43. Kxe4 Be2) 42. Kc3 $11 Nc5 43. h4 Ke6 44. g4 {[%emt 0:03:08] Hoping for h5.} Nd7 45. Bg7 {[%emt 0:05:43] And now h5 would win.} f6 46. h5 {[%emt 0:01:43] h6 is the strong threat.} Kf7 {[%emt 0:00:29] [#]} (46... Ne5 $1 $11 {remains equal.}) 47. Bh6 $1 $16 Bc8 (47... Bc6 $16 {might work better.} 48. Be3 Ba4) 48. Ne7 Bb7 49. Bf4 Nf8 50. h6 Ke6 {[%emt 0:02:14] [#]} 51. Nf5 $1 Ba6 (51... Kd7 $16 52. Bd2 Bd5) 52. Kd2 $18 Ng6 $2 {[%emt 0:12:30] [#]} (52... Bc8 53. Ke3 Bb7) 53. h7 $1 Nh8 54. Ke3 $2 (54. Bh6 Nf7 55. Bg7) 54... Bb7 $2 (54... Bc8 55. Nh6 (55. Kxe4 Kf7 $16) 55... Bd7) 55. Bh6 Nf7 56. Bg7 {[%emt 0:00:18] Strongly threatening Nh6.} Bc8 57. Nh6 {[%emt 0:00:41] White mates.} Nxd6 58. h8=Q (58. h8=R $2 {is the wrong capture.} Nc4+ 59. Kxe4 d2 60. Rxc8 (60. Re8+ $2 Kd7 $19) 60... Nd6+ 61. Ke3 d1=Q $19) 58... Bb7 59. Qg8+ Ke5 60. Nf7+ {[%emt 0:00:14] Quite a comeback for White.   Weighted Error Value: White=0.40/Black=0.45} 1-0

[Event "4NCL 2022-2023"]
[Site "Daventry"]
[Date "2023.03.18"]
[Round "7.16"]
[White "Maciol, Ryszard"]
[Black "Navrotescu, Andreea"]
[Result "1/2-1/2"]
[ECO "D10"]
[WhiteElo "2136"]
[BlackElo "2258"]
[Annotator "TA"]
[PlyCount "141"]
[EventDate "2022.10.20"]
[EventType "team-tourn"]
[EventCountry "ENG"]
[SourceTitle "playchess.com"]
[Source "ChessBase"]
[SourceQuality "1"]
[TimeControl "40/6000+30:2400+30"]

1. d4 d5 2. c4 c6 3. cxd5 cxd5 4. Bf4 Nf6 5. e3 Nc6 6. Bd3 a6 7. Nc3 Bg4 8. Nge2 e6 9. O-O Bd6 10. Bxd6 {[%emt 0:15:46] D10: Slav Defence: 3 cxd5 (without early Nf3) and 3 Nc3.} Qxd6 11. Rc1 Bxe2 12. Bxe2 {[%emt 0:02:10] White has an edge.} O-O 13. Na4 Nd7 {[%emt 0:05:42] [#]} 14. Qd2 $146 ({Predecessor:} 14. Qb3 Na5 15. Qc3 Nc6 16. Qb3 Rab8 17. Nc5 Nxc5 18. Rxc5 {½-½ Gundavaa,B (2501)-Vitiugov,N (2742) Wch Blitz 8th 2014 (11)}) 14... Rfe8 15. a3 e5 16. dxe5 Rxe5 17. Rfd1 Rd8 18. f4 Re6 (18... Ree8 $142) 19. Bg4 $16 (19. Qxd5 $6 Qe7 $11) 19... Rg6 (19... Ree8 $16) 20. Bf5 $18 ({Don't take} 20. Qxd5 $6 Qxd5 21. Rxd5 Rxg4 $16) 20... Rh6 21. Qxd5 Qe7 {[%emt 0:00:01] Black is weak on the light squares} (21... Nf8 22. Qb3 Qf6) 22. Qe4 (22. Bxd7 $142 Qxe3+ 23. Kh1) 22... Nf8 (22... Kf8 $142 23. Qxe7+ (23. Bxh7 g6 $11) 23... Kxe7) 23. Qxe7 Rxd1+ 24. Rxd1 Nxe7 25. Be4 b6 26. Rd8 Re6 27. Nc3 g6 28. Kf2 Kg7 29. Bb7 a5 30. Nb5 g5 $2 (30... Ng8 {was worth a try.} 31. Nc7 Re7) 31. Nc7 (31. fxg5 Re5 $18) 31... Rh6 32. Ne8+ ({Less strong is} 32. fxg5 Rxh2 33. Ne8+ Kg6 $18) 32... Kg8 33. fxg5 Rxh2 34. Rd6 Ne6 35. Rxb6 Nxg5 36. Rb5 h6 37. Rxa5 Rh1 38. b4 Rb1 39. Nf6+ Kg7 40. Nh5+ Kg6 41. Nf4+ Kg7 42. Nd3 Ng8 43. Ke2 Nf6 44. Nc5 Ng4 45. Ne4 Rb2+ 46. Kd3 Ne6 47. Ng3 Kf6 48. Bd5 {[%emt 0:00:00] Against Rb3+} Nc7 49. Bf3 Ne5+ 50. Kc3 Rb1 51. Nh5+ Ke6 52. Kc2 Ra1 53. Rc5 Kd6 54. Kb3 Re1 55. a4 $2 (55. Ng3 $18 {And now Ne4+ would win.} Rxe3+ 56. Ka4) 55... Rxe3+ (55... Rb1+ $16 {was necessary.} 56. Kc2 Rxb4) 56. Rc3 Re1 57. b5 Ne6 (57... Rb1+ {might work better.} 58. Ka2 Rb4) 58. Ng3 Nc5+ 59. Kb4 {[%emt 0:00:09] [#] aiming for Nf5+.} Ned3+ 60. Ka5 {[%emt 0:00:27][%cal Og3e4] Ne4+! would be deadly.} f5 {[%emt 0:00:00] Against Ne4+} 61. Nxf5+ Ke5 {[%emt 0:00:00] [#]} 62. b6 $2 Kxf5 $11 63. Kb5 Rb1+ 64. Kc4 (64. Ka5 $11) 64... Nb2+ (64... Rxb6 $15 65. Kd5 Ra6) 65. Kd5 {[%emt 0:00:31] The position is equal.} Nbxa4 66. Rxc5 Nxc5 67. Kxc5 {[%emt 0:00:10] KR-KB} Ke6 68. Bg4+ Ke7 69. Kc6 Rc1+ 70. Kd5 Rb1 71. Kc6 {[%emt 0:00:42] Blacks defense is rewarded with a draw.   Weighted Error Value: White=0.23 (precise) /Black=0.33} 1/2-1/2

[Event "4NCL 2022-2023"]
[Site "Daventry"]
[Date "2023.03.18"]
[Round "7.17"]
[White "Erdos, Viktor"]
[Black "Alonso Rosell, Alvar"]
[Result "1/2-1/2"]
[ECO "C58"]
[WhiteElo "2587"]
[BlackElo "2567"]
[Annotator "TA"]
[PlyCount "52"]
[EventDate "2022.10.20"]
[EventType "team-tourn"]
[EventCountry "ENG"]
[SourceTitle "playchess.com"]
[Source "ChessBase"]
[SourceQuality "1"]
[TimeControl "40/6000+30:2400+30"]

1. e4 e5 2. Nf3 Nc6 3. Bc4 Nf6 4. Ng5 d5 5. exd5 Na5 6. Bb5+ c6 7. dxc6 bxc6 8. Bd3 Nd5 {[%emt 0:00:28] C58: Two Knights: 4 Ng5 d5 5 exd5 Na5 sidelines.} 9. Nf3 (9. Qh5 g6 10. Nxf7 gxh5 $17) 9... Bd6 10. O-O O-O {[%emt 0:00:15] The position is equal.} 11. Re1 f5 {[%emt 0:00:06] The modern move.} 12. Nxe5 {[%emt 0:00:42] And now Bf1 would win.} Qf6 $1 (12... Qh4 $2 13. Bf1 $18) 13. Nf3 g5 $1 14. c4 (14. g3 $5 ) 14... Nf4 15. Bf1 {[%emt 0:00:05] Hoping for d4.} g4 {[%emt 0:00:05][%cal Of4e6] [#]} 16. d4 $1 {[%emt 0:00:07][%cal Oc4c5] Strongly threatening c5!} gxf3 17. Qxf3 Ne6 ({Weaker is} 17... Qxd4 18. Rd1 $16) 18. Qc3 Nxd4 19. c5 Bc7 20. b4 {[%emt 0:07:56] [#]   Weighted Error Value: White=0.02 (flawless) /Black=0.06 (flawless)} {Predecessor:} Rb8 $146 21. bxa5 Be6 22. Bc4 Bxc4 23. Qxc4+ Rf7 24. Nd2 Rd8 25. Bb2 Qh4 26. Bxd4 Rxd4 {1-0 Erigaisi,A (2633)-Gupta,A (2628) IND-ch 58th Kanpur 2022 (6)} 1/2-1/2